 Dungeon Crawl Stone Soup version 0.22-a0-284-g99d1f74 (webtiles) character file.

1787 Amnesiac the Nimble (level 8, -1/39 HPs)
             Began as a Spriggan Fighter on Mar 21, 2018.
             Was an Initiate of Gozag.
             Killed from afar by an orc wizard (7 damage)
             ... with a magic dart
             ... on level 7 of the Dungeon.
             The game lasted 00:10:15 (7207 turns).

Amnesiac the Nimble (Spriggan Fighter)              Turns: 7207, Time: 00:10:16

Health: -1/39      AC:  4    Str: 14    XL:     8   Next: 82%
Magic:  9/9        EV: 44    Int:  9    God:    Gozag
Gold:   1258       SH:  8    Dex: 16    Spells: 7/7 levels left

rFire    . . .     SeeInvis +   a - +0 long sword
rCold    . . .     Gourm    .   c - +1 buckler
rNeg     . . .     Faith    .   q - +0 robe
rPois    .         Spirit   .   (helmet restricted)
rElec    .         Reflect  .   (no cloak)
rCorr    .         Harm     .   (gloves unavailable)
MR       +....                  (boots unavailable)
Stlth    +.........             k - amulet of the acrobat
HPRegen  0.13/turn              m - +2 ring of protection
MPRegen  0.11/turn              n - +5 ring of evasion

@: gold aura, very quick
A: very small, unfitting armour, see invisible, herbivore, speed 3, slow
metabolism 2
a: Potion Petition, Call Merchant, Bribe Branch, Renounce Religion


You were on level 7 of the Dungeon.
You worshipped Gozag.
Gozag was most pleased with you.
You were not hungry.

You visited 1 branch of the dungeon, and saw 7 of its levels.
You also visited: Sewer.

You collected 1268 gold pieces.
You paid 10 gold pieces to Gozag.

Inventory:

Hand Weapons
 a - a +0 long sword (weapon)
 b - a +2 dagger of venom
 w - a +0 blowgun
Missiles
 i - 123 stones (quivered)
 u - 20 poisoned needles
Armour
 c - a +1 buckler (worn)
 q - a +0 robe (worn)
Jewellery
 k - an amulet of the acrobat (around neck)
 m - a +2 ring of protection (left hand)
 n - a +5 ring of evasion (right hand)
 p - an uncursed ring of flight
Wands
 j - a wand of acid (9)
 t - a wand of polymorph (6)
Scrolls
 o - 6 scrolls of teleportation {!r}
 r - a scroll of remove curse {!r}
 x - a scroll of enchant armour {!r}
Potions
 d - 4 potions of might {!q}
 e - 5 potions of curing {!q}
 g - a potion of invisibility {!q, unknown}
 h - 6 potions of heal wounds {!q}
 l - 2 potions of agility {!q}
 s - 2 potions of flight {!q, unknown}
 v - a potion of brilliance {!q}
Comestibles
 f - 9 rations


   Skills:
 - Level 2.4 Fighting
 * Level 6.9 Long Blades
 + Level 9.2 Dodging
 + Level 4.8 Shields


You had 7 spell levels left.
You didn't know any spells.

Dungeon Overview and Level Annotations

Branches:
Dungeon (7/15)             Temple (0/1) D:4

Altars:
Ashenzari
Cheibriados
Gozag
Nemelex Xobeh
Qazlal
Xom
Zin

Shops:
D:5 %}


Innate Abilities, Weirdness & Mutations

You are very small and have problems with some larger weapons.
You are too small for most types of armour.
You have supernaturally acute eyesight. (SInv)
You are a herbivore.
You cover ground extremely quickly.
You need to consume almost no food.


Message History

The crimson imp is distracted by the nearby gold.
You miss the crimson imp.
The crimson imp is no longer distracted by gold.
The crimson imp shouts!
The crimson imp is moderately wounded.
The crimson imp closely misses you.
You miss the crimson imp.
The crimson imp is lightly wounded.
The crimson imp closely misses you.
You miss the crimson imp.
The crimson imp is lightly wounded.
The crimson imp blinks!
You closely miss the crimson imp. You closely miss the crimson imp.
You block the crimson imp's attack.
You barely miss the crimson imp. The crimson imp misses you.
You slash the crimson imp!
The crimson imp is heavily wounded.
The crimson imp shouts, "Abandon hope, thou pottle-deep toad-spotted bladder!"
The crimson imp closely misses you. The crimson imp completely misses you.
A hippogriff comes into view.
The hippogriff screeches!
You hit the crimson imp.
The crimson imp is almost dead.
The crimson imp misses you.
You hit the crimson imp.
You kill the crimson imp!
An orc comes into view. It is wielding a mace.
An orc wizard comes into view. It is wielding a dagger.
The orc wizard moves out of view.
The orc wizard shouts!
You hit the hippogriff.
The hippogriff is lightly wounded.
You block the hippogriff's attack. x2; The hippogriff completely misses you.
You hit the hippogriff but do no damage.
The hippogriff is lightly wounded.
The orc is distracted by the nearby gold.
The hippogriff misses you. You block the hippogriff's attack.
The hippogriff closely misses you.
An orc priest comes into view.
The orc shouts!
The orc wizard shouts!
The orc priest shouts!
You hit the hippogriff but do no damage.
The orc priest calls down the wrath of Beogh upon you.
Beogh smites you!
* * * LOW HITPOINT WARNING * * *
The hippogriff barely misses you. You block the hippogriff's attack.
The hippogriff completely misses you.
You barely miss the hippogriff. The hippogriff completely misses you.
You riposte.
You hit the hippogriff.
The hippogriff is lightly wounded.
The hippogriff completely misses you. You block the hippogriff's attack.
You hit the hippogriff.
The hippogriff is lightly wounded.
The orc is no longer distracted by gold.
The hippogriff bites you.
* * * LOW HITPOINT WARNING * * *
The hippogriff closely misses you. You block the hippogriff's attack.
You are too injured to fight recklessly!
You are too injured to fight recklessly!
The orc wizard mumbles some strange words.
The orc wizard flickers and vanishes for a moment.
The orc wizard points at you and mumbles some strange words.
The magic dart hits you!
You die...
Your body crumbles into a pile of gold.

#....# #....# . #.#..### #
#.##### ##......##.#
.....###................
#####.#...#..$....#........
.......$.......o..o........
..........#.$..H.#.........
###.............@...# o.....#
$$............<....####..o....
#.#................##..<....o.
$$$..$........................
##...........................o
...#.###.#....................
####.....#............$.......
...........#######............
#######....#§≈≈≈≈#............


You could see a hippogriff, an orc wizard and an orc.

Vanquished Creatures
  A phantom (D:7)
  3 centaurs
  2 ogres (D:5)
  A bullfrog (D:7)
  A scorpion (D:5)
  4 killer bees (D:6)
  A howler monkey (D:5)
  4 wights
  A centaur zombie (D:5)
  5 crimson imps
  2 hounds
  2 orc priests
  3 orc wizards
  An iguana (D:6)
  2 worker ants
  A hound zombie (D:7)
  4 gnolls (D:2)
  8 adders
  4 river rats (Sewer)
  An adder skeleton (D:5)
  6 worms
  3 dart slugs
  4 leopard geckos
  14 orcs
  10 bats
  3 giant cockroaches
  3 goblins
  7 hobgoblins
  3 jackals (D:3)
  23 kobolds
  4 quokkas
  12 ball pythons
  7 frilled lizards
  A quokka skeleton (D:5)
  27 rats
178 creatures vanquished.

Notes
Turn   | Place    | Note
-------+----------+-------------------------------------------
     0 | D:1      | Amnesiac the Spriggan Fighter began the quest for the Orb.
     0 | D:1      | Reached XP level 1. HP: 11/11 MP: 2/2
   307 | D:2      | Found an opulent altar of Gozag.
   320 | D:2      | Became a worshipper of Gozag Ym Sagoz the Greedy
   392 | D:1      | Reached XP level 2. HP: 16/16 MP: 3/3
  1362 | D:2      | Reached XP level 3. HP: 19/19 MP: 4/4
  1505 | D:2      | Reached skill level 5 in Dodging
  1687 | D:2      | Reached XP level 4. HP: 15/23 MP: 5/5
  2145 | D:3      | Found a shimmering altar of Xom.
  2852 | D:3      | Reached XP level 5. HP: 14/27 MP: 6/6
  3212 | D:3      | Found a faded altar of an unknown god.
  3428 | D:4      | Found a glowing silver altar of Zin.
  3547 | D:4      | Found a sparkling altar of Nemelex Xobeh.
  3555 | D:4      | Reached skill level 6 in Dodging
  3619 | D:4      | Found a snail-covered altar of Cheibriados.
  3864 | D:4      | Found a staircase to the Ecumenical Temple.
  3937 | D:5      | Entered Level 5 of the Dungeon
  3937 | D:5      | Noticed a centaur
  3948 | D:5      | Killed a centaur
  3948 | D:5      | Reached XP level 6. HP: 17/32 MP: 7/7
  4158 | D:5      | Found a glowing drain.
  4299 | D:5      | Reached XP level 7. HP: 23/35 MP: 8/8
  4411 | Sewer    | Entered a sewer
  4679 | Sewer    | Reached skill level 7 in Dodging
  5191 | D:5      | Reached skill level 5 in Long Blades
  5359 | D:5      | Found a stormy altar of Qazlal.
  5376 | D:5      | Found Ycvol's Gadget Shoppe.
  5377 | D:5      | Found Xas Hiku's Food Emporium.
  6076 | D:6      | Reached skill level 8 in Dodging
  6076 | D:6      | Reached XP level 8. HP: 39/39 MP: 9/9
  6535 | D:7      | Noticed a hippogriff
  6733 | D:7      | Found a shattered altar of Ashenzari.
  6953 | D:6      | Reached skill level 9 in Dodging
  7197 | D:7      | Noticed a hippogriff
  7207 | D:7      | Killed from afar by an orc wizard

Vault maps used:
D:1:      minmay_arrival_nine_rooms, st_stairs_12, minmay_misc_feat_nine_boxes
D:2:      lemuel_coloured_pillars_altar, first_ration, wad_floor_pattern_1
D:3:      chequers_ecumenical_altar_simple, xom_teletrap_fun
D:4:      nicolae_overflow_hidden_temple, marbit_many_paths,
          minmay_temple_entry_nine_rooms, nemelex_spade_bored_becter
D:5:      nicolae_qazlal_eye_of_the_storm, serial_shops, shop,
          nicolae_shop_crystal, cheibrodos_sewer_entry_sluice
D:7:      old_standard_altar, kennysheep_little_box, kennysheep_mini
Sewer:    sewer_minmay_treatment

Skill      XL: |  1  2  3  4  5  6  7  8 |
---------------+-------------------------+-----
Long Blades    | 2 3 4 5 6 |  6.9
Dodging        | 5 6 8 9 |  9.2
Shields        | 3 4 |  4.8
Fighting       | |  2.4

Action                   |  1- 3 |  4- 6 |  7- 9 || total
-------------------------+-------+-------+-------++-------
Melee: Long sword        |    44 |    12 |    87 ||   143
       Dagger            |    45 |   219 |   360 ||   624
  Use: Potion            |     1 |       |     1 ||     2
       Scroll            |       |     6 |     5 ||    11
 Stab: Sleeping          |     2 |     3 |       ||     5
  Eat: Ration            |       |     1 |     3 ||     4
Armor: Robe              |     8 |    11 |    23 ||    42
Dodge: Dodged            |    62 |   170 |   370 ||   602
Block: Buckler           |    26 |    62 |   154 ||   242
       Rpst.: Long sword |    18 |     5 |    19 ||    42

Table legend:
 A = Spawn XP
 B = Non-spawn XP
 C = Spawn XP percentage of total XP
 D = Spawn monster count
 E = Non-spawn monster count
 F = Spawn count percentage of total count
 G = Total turns spent on level
                    A         B        C        D         E        F      G
               +---------+---------+-------+---------+---------+-------+---------
         Total |       0 |    2554 |   0.0 |       0 |     178 |   0.0 |  7207
               +---------+---------+-------+---------+---------+-------+---------
           D:1 |       0 |      26 |   0.0 |       0 |      19 |   0.0 |   925
           D:2 |       0 |     105 |   0.0 |       0 |      26 |   0.0 |  1696
           D:3 |       0 |     109 |   0.0 |       0 |      24 |   0.0 |   789
           D:4 |       0 |      73 |   0.0 |       0 |       7 |   0.0 |   527
           D:5 |       0 |     775 |   0.0 |       0 |      26 |   0.0 |  1220
           D:6 |       0 |     513 |   0.0 |       0 |      12 |   0.0 |  1022
           D:7 |       0 |     820 |   0.0 |       0 |      16 |   0.0 |   299
         Sewer |       0 |     133 |   0.0 |       0 |      48 |   0.0 |   729
               +---------+---------+-------+---------+---------+-------+---------
